 Dungeon Crawl Stone Soup version 0.26.1-2-gb8aa6d0 (webtiles) character file.

Game seed: 9718076989169120150

3401 Nithhogg the Covert (level 10, -10/69 HPs)
             Began as an Octopode Fighter on Mar 29, 2021.
             Was a Believer of Cheibriados.
             Mangled by a skeletal warrior
             ... wielding a +0 short sword
             ... led by a skeletal warrior
              (23 damage)
             ... on level 8 of the Dungeon.
             The game lasted 00:14:51 (10722 turns).

Nithhogg the Covert (Octopode Fighter)             Turns: 10722, Time: 00:14:52

Health: -10/69     AC:  1    Str: 19    XL:     10   Next: 4%
Magic:  18/18      EV: 18    Int: 14    God:    Cheibriados [**....]
Gold:   199        SH:  0    Dex: 20    Spells: 20/20 levels left

rFire    . . .     SeeInvis .     - Unarmed
rCold    + + .     Faith    +   (no shield)
rNeg     . . .     Spirit   .   (helmet restricted)
rPois    .         Reflect  .   f - amulet of faith
rElec    .         Harm     .   i - ring of resist corrosion
rCorr    +         Rampage  .   j - ring of protection from cold
Will     .....                  u - ring of protection from cold
Stlth    +++++.....             (no ring)
HPRegen  0.21/turn              (no ring)
MPRegen  0.16/turn              (no ring)
                                (no ring)
                                (no ring)

@: very slow
A: almost no armour, stealthy swim, amphibious, 8 rings, constrict 8, camouflage
1, gelatinous body 1
a: Renounce Religion, Bend Time


You were on level 8 of the Dungeon.
You worshipped Cheibriados.
Cheibriados was pleased with you.
You visited 2 branches of the dungeon, and saw 9 of its levels.

You collected 319 gold pieces.
You spent 120 gold pieces at shops.

Inventory:

Armour
 a - a +1 kite shield
Jewellery
 f - an amulet of faith (around mantle)
 i - a ring of resist corrosion (left tentacle)
 j - a ring of protection from cold (right tentacle)
 u - a ring of protection from cold (on tentacle)
Wands
 b - a wand of polymorph (10)
 g - a wand of disintegration (4)
 o - a wand of digging (6)
 q - a wand of iceblast (2) (quivered)
Scrolls
 c - 3 scrolls of identify
 d - 5 scrolls of teleportation
 h - a scroll of random uselessness {unknown}
 k - a scroll of noise
 p - 2 scrolls of remove curse {unknown}
 s - 2 scrolls of enchant weapon {unknown}
 t - a scroll of fear {unknown}
 w - 2 scrolls of immolation
Potions
 e - a potion of ambrosia
 l - a potion of lignification
 m - a potion of brilliance
 n - 2 potions of mutation
 r - 2 potions of degeneration {unknown}
 v - a potion of cancellation {unknown}
 x - 2 potions of heal wounds


   Skills:
 + Level 6.9 Fighting
 + Level 6.9 Dodging
 + Level 8.7 Stealth
 - Level 3.0 Shields
 + Level 6.6 Unarmed Combat
 + Level 5.5 Spellcasting


You had 20 spell levels left.
You didn't know any spells.
Your spell library was empty.

Dungeon Overview and Level Annotations

Branches:
Dungeon (8/15)             Temple (1/1) D:6            Lair (0/6) D:8

Altars:
Ashenzari
Cheibriados
Dithmenos
Elyvilon
Fedhas
Gozag
Hepliaklqana
Kikubaaqudgha
Makhleb
Nemelex Xobeh
Okawaru
Ru
Sif Muna
Uskayaw
Vehumet
Wu Jian
Xom
Yredelemnul
Zin
The Shining One

Shops:
D:4 (   D:7 *


Innate Abilities, Weirdness & Mutations

You cannot wear most types of armour.
You are very stealthy in the water. (Stealth+)
You are amphibious.
You can wear up to eight rings at the same time.
You can use your tentacles to constrict eight enemies at once.
Your skin changes colour to match your surroundings (Stealth+).
Your rubbery body absorbs attacks. (AC +1, EV +1)


Message History

Found 25 stones.
Found a ring mail.
You see here 8 poisoned darts.
You see here 8 poisoned darts.
The skeletal warrior hits you with a +0 dire flail!
You tentacle-slap the skeletal warrior but do no damage.
Your grab misses the skeletal warrior.
You squeeze the skeletal warrior, but do no damage.
The skeletal warrior closely misses you.
The skeletal warrior hits you with a +0 war axe!!
The skeletal warrior hits the plant with a +0 battleaxe!
The plant begins to die.
The skeletal warrior barely misses you.
A nearby plant withers and dies.
The skeletal warrior hits you with a +0 war axe!!
* * * LOW HITPOINT WARNING * * *
The skeletal warrior misses you.
The skeletal warrior closely misses you.
The skeletal warrior hits you with a +0 short sword!!
You die...

##.# #[........# ...#
#.......# #### #.......#
#...(...# #####.#####.# ###
#............ ##.##
#.###.####.## #######.#.##
#.#...####.# [......###.#
###@#.#.#....# #######.#.##
#.zzz.)......# ........##
#...z###.....# #######.#
#.#...≈...#..#
#.######..#...#..#.##
#.#....#.##P.P##.#..######
####.#....#....P....#........
#...(.....#≈.P.>...≈#........
####.#....#....PPP..#.#######


You could see 4 skeletal warriors.

Vanquished Creatures
  Pikel (D:5)
  Eustachio (D:5)
  Edmund (D:5)
  A water moccasin (D:6)
  A sky beast (D:5)
  2 ice beasts (D:7)
  A black bear (D:6)
  2 orc warriors
  A phantom (D:5)
  4 ogres
  3 centaurs
  A lemure (D:5)
  A bullfrog (D:8)
  3 scorpions
  3 howler monkeys
  5 hounds
  8 orc priests
  A bullfrog skeleton (D:7)
  Crazy Yiuf (D:4)
  Ijyb (D:5)
  3 iguanas
  4 worker ants
  5 orc wizards
  A hound zombie (D:6)
  A worker ant zombie (D:8)
  8 adders
  4 shadow imps
  2 white imps (D:6)
  4 oozes
  An adder zombie (D:5)
  3 worms
  A dart slug (D:1)
  3 leopard geckos
  33 orcs
  5 bats
  3 giant cockroaches
  5 goblins
  2 hobgoblins
  7 jackals
  2 quokkas (D:2)
  2 ball pythons
  4 frilled lizards
  5 kobolds
  10 rats
160 creatures vanquished.

Vanquished Creatures (others)
  A plant (D:8)
1 creature vanquished.

Grand Total: 161 creatures vanquished

Notes
Turn   | Place    | Note
-------+----------+-------------------------------------------
     0 | D:1      | Nithhogg the Octopode Fighter began the quest for the Orb.
     0 | D:1      | Reached XP level 1. HP: 16/16 MP: 1/1
   262 | D:1      | Reached XP level 2. HP: 18/21 MP: 2/2
   327 | D:1      | Reached skill level 1 in Stealth
   679 | D:1      | Reached XP level 3. HP: 26/26 MP: 4/4
   772 | D:1      | Reached skill level 1 in Spellcasting
  1158 | D:2      | Reached skill level 2 in Stealth
  1280 | D:2      | Reached XP level 4. HP: 30/31 MP: 5/5
  2442 | D:3      | Reached XP level 5. HP: 33/36 MP: 7/7
  2648 | D:3      | Noticed an ogre
  2670 | D:3      | Killed an ogre
  2671 | D:3      | Reached skill level 3 in Stealth
  2671 | D:3      | Reached XP level 6. HP: 14/43 MP: 7/9
  2991 | D:3      | Found an opulent altar of Gozag.
  2991 | D:3      | Found a glowing silver altar of Zin.
  3626 | D:4      | Found Cikhlogia's Antique Weapon Shoppe.
  3835 | D:4      | Reached skill level 4 in Stealth
  4376 | D:4      | Found a runed translucent door.
  4377 | D:4      | Noticed Crazy Yiuf
  4558 | D:4      | Killed Crazy Yiuf
  4559 | D:4      | Reached XP level 7. HP: 49/49 MP: 10/10
  4591 | D:5      | Entered Level 5 of the Dungeon
  4591 | D:5      | Noticed Eustachio
  5277 | D:5      | Killed Eustachio
  5460 | D:5      | Reached skill level 5 in Stealth
  5703 | D:5      | Reached XP level 8. HP: 52/54 MP: 12/12
  5733 | D:5      | Reached skill level 5 in Fighting
  5969 | D:5      | Reached skill level 5 in Dodging
  6100 | D:5      | Noticed Pikel
  6121 | D:5      | Killed Pikel
  6122 | D:5      | Reached skill level 6 in Stealth
  6122 | D:5      | Reached skill level 5 in Unarmed Combat
  6565 | D:5      | Noticed Ijyb
  6568 | D:5      | Noticed Edmund
  6577 | D:5      | Killed Ijyb
  6589 | D:5      | Killed Edmund
  7261 | D:6      | Reached XP level 9. HP: 62/62 MP: 15/15
  7279 | D:6      | Reached skill level 7 in Stealth
  7954 | D:6      | Found a staircase to the Ecumenical Temple.
  8376 | Temple   | Entered the Ecumenical Temple
  8457 | Temple   | Became a worshipper of Cheibriados the Contemplative
  8913 | D:7      | HP: 2/62 [centaur (10)]
  8921 | D:7      | Found Diduw's Assorted Antiques.
  8924 | D:7      | Bought a glowing gilded ring for 120 gold pieces
  9274 | D:7      | Reached skill level 5 in Spellcasting
  9279 | D:7      | Reached skill level 8 in Stealth
  9546 | D:7      | Reached * piety under Cheibriados
 10166 | D:8      | Noticed a skeletal warrior
 10166 | D:8      | Noticed a skeletal warrior
 10433 | D:8      | Reached XP level 10. HP: 66/69 MP: 18/18
 10456 | D:8      | Found a staircase to the Lair.
 10467 | D:8      | Reached ** piety under Cheibriados
 10700 | D:8      | Noticed a skeletal warrior
 10700 | D:8      | Noticed a skeletal warrior
 10722 | D:8      | Mangled by a skeletal warrior

Illustrated notes

Levels and vault maps discovered:
D:1:      minmay_arrival_up_and_down, layout_loops_ring, chequers_garden
D:2:      layout_loops_ring
D:3:      layout_basic, grunt_temple_overflow_gold_and_silver
D:4:      layout_basic, serial_shops, kennysheep_mini, serial_glass,
          glass_columns_a, glass_columns_a, uniq_crazy_yiuf_cottage
D:5:      layout_loops_corners, uniq_edmund, uniq_ijyb, uniq_eustachio,
          uniq_pikel
D:6:      layout_layer_cave, minmay_temple_entry_drinking_statues,
          minmay_misc_feat_x
D:7:      layout_gridville, serial_shops, kennysheep_mini_moat
D:8:      layout_loops_ring, grunt_qazlal_clouds, dpeg_oklobed_lair, uniq_harold
Temple:   compressed_dpeg_circular_temple

Skill      XL: |  1  2  3  4  5  6  7  8  9 |
---------------+----------------------------+-----
Stealth        | 1 2 3 4 5 6 8 |  8.7
Spellcasting   | 1 2 3 4 5 |  5.5
Unarmed Combat | 3 4 5 6 |  6.6
Fighting       | 4 5 6 |  6.9
Dodging        | 4 5 6 |  6.9
Shields        | |  3.0

Action                   |  1- 3 |  4- 6 |  7- 9 | 10-12 || total
-------------------------+-------+-------+-------+-------++-------
Melee: Unarmed           |    74 |   119 |   288 |    13 ||   494
       Constrict         |    23 |    26 |    60 |     3 ||   112
       Tentacles         |    13 |    37 |    71 |     4 ||   125
       Punch             |     1 |     1 |    16 |       ||    18
Evoke: Wand              |       |       |    33 |       ||    33
  Use: Potion            |       |     2 |    11 |       ||    13
       Scroll            |       |     1 |     9 |       ||    10
 Stab: Sleeping          |     9 |    15 |     9 |       ||    33
       Paralysed         |       |       |     6 |       ||     6
Armor: Skin              |     2 |     2 |    11 |     2 ||    17
Dodge: Dodged            |    46 |    65 |   182 |    14 ||   307
